 Dungeon Crawl Stone Soup version 0.24.0-13-gcf9b3192b9 (webtiles) character file.

Game seed: 14234722693381706062, levelgen mode: deterministic

2226 Froggeryz the Martial Artist (level 9, -1/71 HPs)
             Began as a Minotaur Monk on Nov 8, 2019.
             Was a Believer of Cheibriados.
             Slain by a white ugly thing (33 damage)
             ... on level 7 of the Dungeon.
             The game lasted 00:10:23 (6760 turns).

Froggeryz the Martial Artist (Minotaur Monk)        Turns: 6760, Time: 00:10:23

Health: -1/71      AC:  7    Str: 21    XL:     9   Next: 14%
Magic:  11/11      EV: 16    Int:  7    God:    Cheibriados [**....]
Gold:   376        SH:  0    Dex: 21    Spells: 8/8 levels left

rFire    + . .     SeeInvis .     - Unarmed
rCold    . . .     Gourm    +   (no shield)
rNeg     . . .     Faith    .   f - +2 robe of Fun and Games {+Blink Regen+ rCorr Int-5}
rPois    .         Spirit   .   (helmet restricted)
rElec    .         Reflect  .   (no cloak)
rCorr    +         Harm     .   s - +2 pair of gloves
MR       .....                  (no boots)
Stlth    ++........             e - amulet of the gourmand
HPRegen  0.61/turn              q - ring of protection from fire
MPRegen  0.12/turn              (no ring)

@: very slow
A: retaliatory headbutt, horns 2
a: Bend Time, Renounce Religion, Evoke Blink


You were on level 7 of the Dungeon.
You worshipped Cheibriados.
Cheibriados was pleased with you.
You were not hungry.

You visited 2 branches of the dungeon, and saw 8 of its levels.

You collected 376 gold pieces.

Inventory:

Missiles
 d - 5 silver boomerangs (quivered)
 w - 3 throwing nets
Armour
 a - a +0 robe
 f - the +2 robe of Fun and Games (worn) {+Blink Regen+ rCorr Int-5}
   (You found it on level 5 of the Dungeon)

   It affects your intelligence (-5).
   It lets you blink.
   It increases your rate of regeneration.
   It provides partial protection from all sources of acid and corrosion.
 s - a +2 pair of gloves (worn)
Jewellery
 e - an amulet of the gourmand (around neck)
 i - an uncursed ring of fire
 m - an uncursed amulet of faith
 q - a ring of protection from fire (left hand)
Wands
 x - a wand of acid (9)
Scrolls
 c - a scroll of enchant armour {unknown}
 g - 2 scrolls of remove curse {unknown}
 h - a scroll of magic mapping {unknown}
 j - a scroll of random uselessness {unknown}
 k - 2 scrolls of teleportation {unknown}
 n - 14 scrolls of identify {unknown}
 r - 2 scrolls of fog {unknown}
Potions
 l - 2 potions of curing {unknown}
 o - 2 potions of flight {unknown}
 p - 2 potions of magic {unknown}
 t - a potion of cancellation
 u - a potion of mutation {unknown}
 v - a potion of lignification {unknown}
Comestibles
 b - 7 rations


   Skills:
 + Level 4.2 Fighting
 - Level 5.6 Dodging
 - Level 1.5 Stealth
 * Level 11.3 Unarmed Combat
 - Level 4.2 Evocations


You had 8 spell levels left.
You didn't know any spells.
Your spell library was empty.

Dungeon Overview and Level Annotations

Branches:
Dungeon (7/15)             Temple (1/1) D:5

Altars:
Ashenzari
Cheibriados
Dithmenos
Fedhas
Gozag
Hepliaklqana
Kikubaaqudgha
Makhleb
Nemelex Xobeh
Okawaru
Vehumet
Wu Jian
Xom


Innate Abilities, Weirdness & Mutations

You reflexively headbutt those who attack you in melee.
You have a pair of horns on your head.


Message History

The acid corrodes the white ugly thing!
The white ugly thing is moderately wounded.
You punch the white ugly thing!
Your headbutt misses the white ugly thing.
The white ugly thing is heavily wounded.
The white ugly thing misses you.
You punch the white ugly thing! x2
The white ugly thing is severely wounded.
You hit the white ugly thing. You headbutt the white ugly thing.
Your punch misses the white ugly thing.
The white ugly thing is almost dead.
The white ugly thing headbutts you. The white ugly thing freezes you!!
You closely miss the white ugly thing. You headbutt the white ugly thing!
The white ugly thing is almost dead.
The white ugly thing barely misses you.
You closely miss the white ugly thing.
Your headbutt misses the white ugly thing.
The white ugly thing is almost dead.
The white ugly thing headbutts you! The white ugly thing freezes you!!
You die...

...#....####
...........#
........u..#
...........#
........##.#
.##..#..##.#####
##.#..##.u..5#
.....######u######
##...## #..@.....#
##.. #........#
#..<.....#
#........#
#........#
##########


You could see a white ugly thing and a shadow imp.

Vanquished Creatures
  Pikel (D:5)
  Prince Ribbit (D:5)
  Sigmund (D:5)
  Duvessa (D:5)
  3 slaves
  A sky beast (D:6)
  A phantom (D:4)
  An ogre (D:6)
  A centaur (D:6)
  Dowan (D:5)
  A scorpion (D:6)
  A howler monkey (D:5)
  A crimson imp (D:5)
  A centaur skeleton (D:6)
  A gnoll shaman (D:5)
  3 orc priests
  4 hounds
  A jelly (D:6)
  4 orc wizards
  An iguana (D:4)
  6 worker ants
  A hound zombie (D:7)
  A hound skeleton (D:6)
  8 gnolls
  5 adders
  A shadow imp (D:5)
  2 oozes (D:2)
  An adder zombie (D:5)
  4 worms
  2 dart slugs
  3 leopard geckos
  18 orcs
  4 giant cockroaches
  6 hobgoblins
  7 kobolds
  5 quokkas
  A ball python (D:2)
  A ball python skeleton (D:4)
  5 bats
  4 frilled lizards (D:1)
  8 goblins
  A jackal zombie (D:6)
  2 quokka skeletons
  A quokka zombie (D:4)
  5 rats
  A rat zombie (D:4)
133 creatures vanquished.

Notes
Turn   | Place    | Note
-------+----------+-------------------------------------------
     0 | D:1      | Froggeryz the Minotaur Monk began the quest for the Orb.
     0 | D:1      | Reached XP level 1. HP: 19/19 MP: 0/0
    37 | D:1      | Found a shimmering altar of Xom.
    39 | D:1      | Found a sparkling altar of Nemelex Xobeh.
    39 | D:1      | Found a shimmering altar of Xom.
    43 | D:1      | Found an ancient bone altar of Kikubaaqudgha.
    43 | D:1      | Found a hazy altar of Hepliaklqana.
    43 | D:1      | Found an ancient bone altar of Kikubaaqudgha.
   141 | D:1      | Reached skill level 4 in Unarmed Combat
   141 | D:1      | Reached XP level 2. HP: 15/26 MP: 1/1
   851 | D:2      | Reached XP level 3. HP: 28/31 MP: 2/2
   856 | D:2      | Found a shimmering altar of Xom.
  1116 | D:2      | Reached skill level 5 in Unarmed Combat
  1524 | D:3      | Reached XP level 4. HP: 39/39 MP: 3/3
  1730 | D:3      | Reached skill level 6 in Unarmed Combat
  1730 | D:3      | Reached XP level 5. HP: 12/45 MP: 4/4
  2248 | D:3      | Found a sparkling altar of Nemelex Xobeh.
  2476 | D:4      | Reached XP level 6. HP: 15/51 MP: 5/5
  2482 | D:4      | HP: 2/51 [orc wizard/+0 dagger (3)]
  2790 | D:4      | Reached skill level 7 in Unarmed Combat
  2863 | D:4      | Reached skill level 5 in Dodging
  3536 | D:4      | Found a shattered altar of Ashenzari.
  3712 | D:4      | Reached XP level 7. HP: 53/57 MP: 6/6
  3870 | D:4      | Found an ancient bone altar of Kikubaaqudgha.
  3942 | D:5      | Entered Level 5 of the Dungeon
  3981 | D:5      | Reached skill level 8 in Unarmed Combat
  4055 | D:5      | Found a radiant altar of Vehumet.
  4055 | D:5      | Found a burning altar of Makhleb.
  4139 | D:5      | Noticed Pikel
  4376 | D:5      | Noticed Duvessa
  4432 | D:5      | Reached skill level 1 in Evocations
  4902 | D:5      | Noticed Prince Ribbit
  5002 | D:5      | Noticed Dowan
  5015 | D:5      | Killed Duvessa
  5292 | D:5      | Killed Dowan
  5292 | D:5      | Reached skill level 9 in Unarmed Combat
  5305 | D:5      | Found a staircase to the Ecumenical Temple.
  5317 | Temple   | Entered the Ecumenical Temple
  5350 | Temple   | Became a worshipper of Cheibriados the Contemplative
  5350 | Temple   | Reached * piety under Cheibriados
  5350 | Temple   | Reached ** piety under Cheibriados
  5558 | D:5      | Got a sheer robe
  5569 | D:5      | Identified the +2 robe of Fun and Games {+Blink Regen+
                  | rCorr Int-5} (You found it on level 5 of the Dungeon)
  5629 | D:5      | Killed Prince Ribbit
  5629 | D:5      | Reached XP level 8. HP: 59/64 MP: 8/8
  5706 | D:5      | Noticed Sigmund
  5711 | D:5      | Killed Sigmund
  5988 | D:5      | Killed Pikel
  5988 | D:5      | Reached skill level 10 in Unarmed Combat
  6304 | D:6      | Reached skill level 11 in Unarmed Combat
  6410 | D:6      | Reached XP level 9. HP: 70/70 MP: 11/11
  6421 | D:6      | Found an iron altar of Okawaru.
  6740 | D:7      | Noticed a white ugly thing
  6760 | D:7      | Slain by a white ugly thing

Levels and vault maps discovered:
D:1:      kennysheep_arrival_forest, layout_basic, hex_intersection,
          doesnt_xom_only_xom
D:2:      layout_loops_ring, lemuel_crystal_altar
D:3:      layout_basic, marbit_many_paths
D:4:      layout_cave_pools, nicolae_ashenzari_panopticon,
          nicolae_overflow_crystal_walls, first_ration, enter_ossuary_4,
          minmay_fractal_squares_diagonal_5
D:5:      layout_basic, grunt_temple_overflow_lords_of_destruction,
          temple_statues, uniq_sigmund, uniq_prince_ribbit1, uniq_duvessa,
          uniq_pikel
D:6:      layout_loops_ring, kennysheep_okawaru_gauntlet
D:7:      layout_basic, grunt_temple_overflow_open
Temple:   jpeg_temple_alley_garden

Skill      XL: |  1  2  3  4  5  6  7  8  9 |
---------------+----------------------------+-----
Unarmed Combat | 4 5 6 7 9 11 | 11.3
Dodging        | 4 5 |  5.6
Evocations     | 2 4 |  4.2
Fighting       | 4 |  4.2
Stealth        | |  1.5

Action                   |  1- 3 |  4- 6 |  7- 9 || total
-------------------------+-------+-------+-------++-------
Melee: Unarmed           |   101 |   140 |   163 ||   404
       Headbutt          |    13 |    22 |    32 ||    67
       Punch             |     2 |     1 |    14 ||    17
Throw: Boomerang         |       |     2 |     8 ||    10
       Throwing net      |       |       |     7 ||     7
Evoke: Wand              |       |       |     1 ||     1
  Use: Potion            |       |     4 |     2 ||     6
 Stab: Sleeping          |     2 |       |     4 ||     6
  Eat: Chunk             |     2 |     6 |     6 ||    14
       Ration            |       |       |     1 ||     1
Armor: Robe              |    21 |    12 |    14 ||    47
Dodge: Dodged            |    62 |   104 |    91 ||   257
